 Dungeon Crawl Stone Soup version 0.16-b1 (webtiles) character file.

609 kae the Conjurer (level 7, 0/36 HPs)
             Began as a Tengu Fire Elementalist on Mar 14, 2015.
             Killed from afar by an orc wizard (6 damage)
             ... with a magic dart
             ... on level 5 of the Dungeon.
             The game lasted 00:07:35 (5222 turns).

kae the Conjurer (Tengu Fire Elementalist)          Turns: 5222, Time: 00:07:35

Health: 0/36       AC:  2    Str:  8    XL:     7   Next: 43%
Magic:  17/17      EV: 15    Int: 17    God:
Gold:   171        SH:  0    Dex: 15    Spells: 3 memorised, 7 levels left

rFire  . . .     SeeInvis .     h - +0 dagger
rCold  . . .     Clarity  .     a - +0 robe
rNeg   . . .     SustAb   .     (no shield)
rPois  .         Gourm    .     (helmet restricted)
rElec  .         Spirit   .     (no cloak)
rCorr  .         Warding  .     (no gloves)
rMut   .         Stasis   .     (boots unavailable)
MR     .....                    (no amulet)
Stlth  ++........               (no ring)
                                q - +3 ring of evasion

@: not resistant to hostile enchantments, unstealthy
A: able to fly, beak, talons 3
a: Fly


You were on level 5 of the Dungeon.
You were not hungry.

You visited 1 branch of the dungeon, and saw 5 of its levels.

You collected 171 gold pieces.

Inventory:

Hand weapons
 h - a +0 dagger (weapon)
Armour
 a - a +0 robe (worn)
Jewellery
 q - a +3 ring of evasion (left hand)
 z - an uncursed ring of protection from fire {unknown}
Magical devices
 f - a wand of slowing (48)
 x - a wand of enslavement (14)
Scrolls
 e - 2 scrolls of identify
 j - 3 scrolls of remove curse {unknown}
 k - 2 scrolls of recharging
 p - 2 scrolls of random uselessness {unknown}
 r - a scroll of enchant weapon {unknown}
 s - 2 scrolls of teleportation {unknown}
 u - a scroll of noise {unknown}
 y - 2 scrolls of fog {unknown}
Potions
 g - a potion of brilliance
 i - a potion of beneficial mutation
 m - a potion of degeneration {unknown}
 n - a potion of flight {unknown}
 o - a potion of lignification
 t - a potion of agility {unknown}
 w - a potion of berserk rage {unknown}
Books
 b - a book of Flames

   Spells                             Type                      Level
   a - Flame Tongue                   Conjuration/Fire             1
   b - Throw Flame                    Conjuration/Fire             2
   c - Conjure Flame                  Conjuration/Fire             3
   d - Inner Flame                    Hexes/Fire                   3
   e - Sticky Flame                   Conjuration/Fire             4
   f - Fireball                       Conjuration/Fire             5
Comestibles
 c - 5 bread rations
 d - 4 meat rations
 l - 3 beef jerkies
 v - a fruit
 A - a chunk of flesh


   Skills:
 - Level 2.1 Dodging
 - Level 2.0 Stealth
 + Level 3.5 Spellcasting
 * Level 6.5 Conjurations
 * Level 6.3 Fire Magic


You had 7 spell levels left.
You knew the following spells:

 Your Spells              Type           Power        Failure   Level  Hunger
a - Flame Tongue          Conj/Fire      ###..        1%          1    None
b - Throw Flame           Conj/Fire      ###...       1%          2    ##.....
c - Conjure Flame         Conj/Fire      ###.....     4%          3    ###....


Dungeon Overview and Level Annotations

Branches:
Dungeon (5/15)
 Temple: D:4-7

Altars:
Cheibriados
Zin

Annotations:
D:4 Dowan, Duvessa


Innate Abilities, Weirdness & Mutations

You can fly.
You have a beak for a mouth.
You have claws for feet.


Message History

Your wand of slowing {zapped: 1} glows for a moment.
The orc wizard hits you with a dagger of electrocution.
* * * LOW HITPOINT WARNING * * *
The orc wizard mumbles some strange words.
The orc wizard blinks!
Evoke which item? (* to show all) (? for menu, Esc to quit)
Okay, then.
Read which item? (? for menu, Esc to quit)
Identify which item? (\ to view known items) (? for menu, Esc to quit)
As you read the scroll of identify, it crumbles to dust.
o - a potion of lignification The orc priest prays to Beogh.
You feel a wave of unholy energy pass over you.
Read which item? (? for menu, Esc to quit)
Identify which item? (\ to view known items) (? for menu, Esc to quit)
As you read the scroll of identify, it crumbles to dust.
i - a potion of beneficial mutation The orc wizard points at you and mumbles some strange words.
The magic dart hits you!
You die...

#..#....# ##'#....#+####
#..#o)........
#..'..........
#..#..........
#..#..........
#..#o......... ###+#
#####o#######+###...#
#..ยง@............+...
#...........##+###...
#####..........#........
#..##..........'........
#..##...######'#........
#..##..o##.....#........
#..##..........+..5.....
#..##..........#........
#..##..###+##+##.....##+


You could see an orc priest, an orc wizard and an orc.

Vanquished Creatures
  An ogre (D:5)
  A centaur (D:5)
  A centaur zombie (D:5)
  An iguana (D:5)
  A hound (D:4)
  A jelly (D:5)
  4 worker ants
  8 gnolls
  3 adders
  A shadow imp (D:5)
  2 worms
  An adder skeleton (D:4)
  5 giant geckos
  10 orcs
  16 bats
  A bat zombie (D:5)
  4 giant cockroaches
  5 goblins
  15 hobgoblins
  5 jackals
  2 giant newts
  9 kobolds
  12 rats
109 creatures vanquished.

Notes
Turn   | Place    | Note
--------------------------------------------------------------
     0 | D:1      | kae, the Tengu Fire Elementalist, began the quest for the Orb.
     0 | D:1      | Reached XP level 1. HP: 10/10 MP: 3/3
   271 | D:1      | Reached XP level 2. HP: 15/15 MP: 5/5
   288 | D:1      | Learned a level 2 spell: Throw Flame
   756 | D:2      | Reached XP level 3. HP: 17/19 MP: 1/7
   761 | D:2      | Learned a level 3 spell: Conjure Flame
  1215 | D:3      | Reached skill level 4 in Fire Magic
  1215 | D:3      | Reached XP level 4. HP: 17/24 MP: 1/9
  1839 | D:3      | Reached XP level 5. HP: 24/28 MP: 9/11
  2416 | D:4      | Reached skill level 5 in Fire Magic
  3000 | D:4      | Reached XP level 6. HP: 19/32 MP: 2/13
  3198 | D:4      | Reached skill level 5 in Conjurations
  3476 | D:4      | Found a snail-covered altar of Cheibriados.
  3662 | D:4      | Noticed Duvessa
  3665 | D:4      | Noticed Dowan
  4075 | D:5      | Entered Level 5 of the Dungeon
  4509 | D:5      | Reached XP level 7. HP: 9/36 MP: 3/16
  4676 | D:5      | Found a glowing silver altar of Zin.
  4678 | D:5      | Reached skill level 6 in Fire Magic
  5222 | D:5      | Killed from afar by an orc wizard

Action                   |  1- 3 |  4- 6 |  7- 9 || total
-------------------------+-------+-------+-------++-------
Melee: Unarmed           |     6 |       |       ||     6
       Dagger            |    12 |    29 |     1 ||    42
 Cast: Flame Tongue      |    35 |   130 |    32 ||   197
       Throw Flame       |       |    15 |     8 ||    23
       Conjure Flame     |       |     2 |       ||     2
  Use: Potion            |       |     1 |       ||     1
       Scroll            |       |       |     4 ||     4
 Stab: Sleeping          |     2 |       |       ||     2
  Eat: Chunk             |       |    12 |     3 ||    15
       Fruit             |       |     1 |       ||     1
